Vancouver Canucks vs St.Louis Blues

Created - Thursday, January 29, 2026 at 09:41

Goals
1 2 3 T
Vancouver Canucks 0 3 1 4
St.Louis Blues 0 0 2 2
Shots
1 2 3 T
Vancouver Canucks 6 18 7 31
St.Louis Blues 6 11 18 35

1st period

No Goal

Penalties :
Clayton Keller (VAN) for Elbowing (Minor) at 14:50, Emil Martinsen Lilleberg (VAN) for Tripping (Minor) at 16:58

2nd period

1. Vancouver Canucks , Bobby McMann 4 (Mavrik Bourque 1, Artturi Lehkonen 8) at 2:34
2. Vancouver Canucks , Aleksander Barkov 5 (Artturi Lehkonen 9, Emil Martinsen Lilleberg 2) at 5:12
3. Vancouver Canucks , Aleksander Barkov 6 (Connor Zary 6, Mikko Rantanen 8) at 7:05

Penalties :
Joel Hanley (VAN) for Tripping (Minor) at 2:53, Connor Clifton (STL) for Interference (Minor) at 16:42

3rd period

4. St.Louis Blues , Colton Parayko 1 (Jake Guentzel 7, Jake Sanderson 6) at 1:24
5. St.Louis Blues , Nikita Kucherov 9 (Jack Eichel 8, Brayden Point 3) at 17:12
6. Vancouver Canucks , Artturi Lehkonen 1 (Miro Heiskanen 6) at 19:04 (Empty Net)

Penalties :
Mikko Rantanen (VAN) for High sticking (Double Minor) at 10:09, Jesperi Kotkaniemi (VAN) for Hooking (Minor) at 19:43

Goalie Stats

Justus Annunen (VAN), 33 saves from 35 shots - (0.943), W, 2-2-0, 60:00 minutes
Connor Hellebuyck (STL), 27 saves from 30 shots - (0.900), L, 4-4-0, 59:36 minutes

Players Stats for Vancouver Canucks

Player Name              G  A  P  +/- PIM S  H  SB GA TA FO     MP     PP MP  PK MP  
------------------------------------------------------------------------------------
Aleksander Barkov        2  0  2   1  0   4  0  1  0  0  18/29  21:36   1:01   4:39 
Anton Lundell            0  0  0   1  0   3  1  0  0  0  9/18   16:06   0:00   4:40 
Artturi Lehkonen         1  2  3   2  0   4  2  1  2  1  0/0    19:04   0:58   4:39 
Bobby McMann             1  0  1   0  0   1  0  1  0  0  5/14   13:16   0:00   0:00 
Brett Leason             0  0  0   1  0   2  1  0  0  0  0/0    11:44   0:00   4:40 
Casey Mittelstadt        0  0  0   0  0   2  0  0  0  0  1/3     9:02   0:58   0:53 
Clayton Keller           0  0  0   0  2   1  1  0  0  0  0/0    12:11   1:01   0:00 
Connor Zary              0  1  1   0  0   0  2  0  0  1  0/1    16:29   0:58   0:00 
Emil Martinsen Lilleberg 0  1  1   0  2   0  1  1  0  0  0/0    16:31   0:00   1:06 
Jake Bean                0  0  0   2  0   0  0  0  0  0  0/0    12:34   0:00   0:24 
Jesperi Kotkaniemi       0  0  0   0  2   1  3  0  0  0  0/0    12:25   0:00   0:53 
Joel Hanley              0  0  0   0  2   0  1  0  0  2  0/0    19:41   0:40   3:45 
Matias Maccelli          0  0  0   0  0   1  0  0  0  0  0/0     6:56   0:00   0:00 
Mavrik Bourque           0  1  1   0  0   1  0  0  0  0  0/0    13:40   0:00   0:00 
Mikko Rantanen           0  1  1   0  4   3  4  0  0  1  1/2    16:54   1:01   0:00 
Miro Heiskanen           0  1  1   0  0   2  2  1  0  3  0/0    27:01   1:19   5:33 
Noah Hanifin             0  0  0   0  0   4  1  2  0  1  0/0    26:23   1:19   4:50 
Ryan McDonagh            0  0  0   3  0   2  1  1  1  1  0/0    18:10   0:40   4:46 

Players Stats for St.Louis Blues

Player Name              G  A  P  +/- PIM S  H  SB GA TA FO     MP     PP MP  PK MP  
------------------------------------------------------------------------------------
Alex Tuch                0  0  0   0  0   1  2  0  0  0  0/2    17:23   4:32   0:00 
Artem Zub                0  0  0  -1  0   1  0  2  0  0  0/0    10:57   0:07   1:06 
Brandon Hagel            0  0  0   0  0   2  1  1  2  0  2/2    15:27   3:54   0:00 
Brandon Tanev            0  0  0  -1  0   1  1  0  0  0  0/1     7:57   0:58   0:52 
Brayden Point            0  1  1   0  0   4  0  0  0  0  5/9    17:30   5:16   0:00 
Colton Parayko           1  0  1   0  0   2  4  3  0  0  0/0    22:50   0:24   1:06 
Connor Clifton           0  0  0  -1  2   1  2  0  0  0  0/0     9:27   0:00   0:00 
Isac Lundestrom          0  0  0  -1  0   3  1  0  0  0  2/5    11:21   3:49   0:55 
Jaccob Slavin            0  0  0  -1  0   3  0  0  0  1  0/0    16:35   0:00   0:17 
Jack Eichel              0  1  1  -1  0   2  0  0  1  1  1/2    22:23   5:31   0:00 
Jake Guentzel            0  1  1   0  0   2  1  1  2  0  0/0    13:53   0:32   0:10 
Jake Sanderson           0  1  1   0  0   4  0  3  1  0  0/0    28:11   5:33   0:46 
Logan O'Connor           0  0  0  -1  0   1  0  0  0  0  0/0     7:45   0:12   0:55 
Mark Stone               0  0  0   0  0   0  2  0  0  0  0/0    13:58   0:47   0:00 
Mikhail Sergachev        0  0  0  -1  0   1  0  0  1  1  0/0    21:39   4:32   0:43 
Nikita Kucherov          1  0  1  -1  0   4  0  0  1  0  1/2    21:53   5:30   0:00 
Robert Thomas            0  0  0  -1  0   1  4  1  1  0  13/30  22:40   5:31   0:12 
Vincent Trocheck         0  0  0   0  0   2  0  0  1  0  9/14   16:11   3:52   0:54 

3 Stars

1 - Artturi Lehkonen (VAN)
2 - Aleksander Barkov (VAN)
3 - Justus Annunen (VAN)

Power Play

Vancouver Canucks - 0 on 1 Attempt(s) - 0.00%
St.Louis Blues - 0 on 6 Attempt(s) - 0.00%

Penalty Kill

Vancouver Canucks - 6 on 6 Attempt(s) - 100.00% - Score 0 goal in Penalty Kill
St.Louis Blues - 1 on 1 Attempt(s) - 100.00% - Score 0 goal in Penalty Kill

Team Stat

Vancouver Canucks - Hits : 20 - Faceoff Wins : 34 - Blocked Shots : 8 - Penalty Minutes : 12
St.Louis Blues - Hits : 18 - Faceoff Wins : 33 - Blocked Shots : 11 - Penalty Minutes : 2

Official

Referees : Marc Joannette and Jon Mcisaac
Linesman : Devin Berg and Kyle Flemington

Game Notes

Artturi Lehkonen has scored in a empty net!

Finance

Level 1 -- Attendance: 6000 (100.00%) -- Ticket Income $570,000
Level 2 -- Attendance: 3708 (74.16%) -- Ticket Income $211,356
Level 3 -- Attendance: 2942 (98.07%) -- Ticket Income $97,086
Level 4 -- Attendance: 4971 (99.42%) -- Ticket Income $114,333
Luxury Box -- Attendance: 781 (78.10%) -- Ticket Income $151,514
Game was played at the Scottrade Center.
Total Attendance: 18402 (92.01%)
Total Ticket Income: $1,144,289
Other Income: $400,501
Total Income: $1,544,790

Vancouver Canucks

5 vs 5 Forward 
   Center                   Left Wing                Right Wing               Time % Phy DF OF 
 1 Aleksander Barkov        Connor Zary              Mikko Rantanen           37     1   1  3  
 2 Bobby McMann             Artturi Lehkonen         Mavrik Bourque           28     1   2  2  
 3 Anton Lundell            Jesperi Kotkaniemi       Clayton Keller           21     1   2  2  
 4 Casey Mittelstadt        Matias Maccelli          Brett Leason             14     1   3  1  

5 vs 5 Defense 
   Defense                  Defense                                           Time % Phy DF OF 
 1 Noah Hanifin             Miro Heiskanen                                    30     1   2  2  
 2 Emil Martinsen Lilleberg Joel Hanley                                       30     1   2  2  
 3 Jake Bean                Ryan McDonagh                                     25     1   2  2  
 4 Noah Hanifin             Miro Heiskanen                                    15     1   2  2  

PowerPlay Forward 
   Center                   Left Wing                Right Wing               Time % Phy DF OF 
 1 Aleksander Barkov        Clayton Keller           Mikko Rantanen           50     0   1  4  
 2 Casey Mittelstadt        Connor Zary              Artturi Lehkonen         50     0   1  4  

PowerPlay Defense
   Defense                  Defense                                           Time % Phy DF OF 
 1 Noah Hanifin             Miro Heiskanen                                    50     0   1  4  
 2 Ryan McDonagh            Joel Hanley                                       50     0   1  4  

Penalty Kill 4 Players Forward 
   Center                   Wing                     Time % Phy DF OF 
 1 Anton Lundell            Brett Leason             50     1   2  2  
 2 Aleksander Barkov        Artturi Lehkonen         50     1   2  2  

Penalty Kill 4 Players Defense
   Defense                  Defense                  Time % Phy DF OF 
 1 Ryan McDonagh            Joel Hanley              50     1   2  2  
 2 Noah Hanifin             Miro Heiskanen           50     1   2  2  

Penalty Kill - 3 Players Forward 
   Forward                                           Time % Phy DF OF 
 1 Anton Lundell                                     50     1   2  2  
 2 Brett Leason                                      50     1   2  2  

Penalty Kill - 3 Players Defense
   Defense                  Defense                  Time % Phy DF OF 
 1 Ryan McDonagh            Joel Hanley              50     1   2  2  
 2 Noah Hanifin             Miro Heiskanen           50     1   2  2  

4 vs 4 Forward 
   Center                   Wing                     Time % Phy DF OF 
 1 Clayton Keller           Mikko Rantanen           50     1   2  2  
 2 Aleksander Barkov        Artturi Lehkonen         50     1   2  2  

4 vs 4 Defense
   Defense                  Defense                  Time % Phy DF OF 
 1 Noah Hanifin             Miro Heiskanen           50     1   2  2  
 2 Ryan McDonagh            Joel Hanley              50     1   2  2  

Last Minutes Offensive
   Center                   Left Wing                Right Wing               Defense                  Defense                  
   Aleksander Barkov        Clayton Keller           Mikko Rantanen           Noah Hanifin             Miro Heiskanen           

Last Minutes Defensive
   Center                   Left Wing                Right Wing               Defense                  Defense                  
   Anton Lundell            Artturi Lehkonen         Brett Leason             Ryan McDonagh            Joel Hanley              

Goaltenders
Starting : Justus Annunen           
Backup : Cam Talbot               

Extra Forwards
Normal : Mikko Rantanen, Artturi Lehkonen, Clayton Keller - PP : Mikko Rantanen, Clayton Keller - PK : Anton Lundell
Extra Defensemen
Normal : Miro Heiskanen, Joel Hanley, Ryan McDonagh - PP : Miro Heiskanen - PK : Ryan McDonagh, Joel Hanley
Penalty Shots
Aleksander Barkov, Anton Lundell, Artturi Lehkonen, Jesperi Kotkaniemi, Mikko Rantanen

Scratches
Sean Couturier (Healthy), Jacob Bernard-Docker (Healthy), Jacob Bryson (Healthy)

St.Louis Blues

5 vs 5 Forward 
   Center                   Left Wing                Right Wing               Time % Phy DF OF 
 1 Robert Thomas            Jack Eichel              Nikita Kucherov          40     0   2  3  
 2 Brayden Point            Jake Guentzel            Mark Stone               30     0   2  3  
 3 Vincent Trocheck         Brandon Hagel            Alex Tuch                25     1   2  2  
 4 Isac Lundestrom          Brandon Tanev            Logan O'Connor           5      1   3  1  

5 vs 5 Defense 
   Defense                  Defense                                           Time % Phy DF OF 
 1 Jake Sanderson           Colton Parayko                                    45     0   3  2  
 2 Mikhail Sergachev        Jaccob Slavin                                     35     0   3  2  
 3 Artem Zub                Connor Clifton                                    20     1   2  2  
 4 Jake Sanderson           Colton Parayko                                    0      0   3  2  

PowerPlay Forward 
   Center                   Left Wing                Right Wing               Time % Phy DF OF 
 1 Robert Thomas            Jack Eichel              Nikita Kucherov          60     0   0  5  
 2 Vincent Trocheck         Brandon Hagel            Isac Lundestrom          40     0   0  5  

PowerPlay Defense
   Defense                  Defense                                           Time % Phy DF OF 
 1 Brayden Point            Jake Sanderson                                    60     0   0  5  
 2 Alex Tuch                Mikhail Sergachev                                 40     0   0  5  

Penalty Kill 4 Players Forward 
   Center                   Wing                     Time % Phy DF OF 
 1 Vincent Trocheck         Brandon Tanev            50     0   5  0  
 2 Isac Lundestrom          Logan O'Connor           50     0   5  0  

Penalty Kill 4 Players Defense
   Defense                  Defense                  Time % Phy DF OF 
 1 Colton Parayko           Connor Clifton           50     1   4  0  
 2 Jaccob Slavin            Artem Zub                50     1   4  0  

Penalty Kill - 3 Players Forward 
   Forward                                           Time % Phy DF OF 
 1 Vincent Trocheck                                  50     0   5  0  
 2 Isac Lundestrom                                   50     0   5  0  

Penalty Kill - 3 Players Defense
   Defense                  Defense                  Time % Phy DF OF 
 1 Colton Parayko           Connor Clifton           50     0   5  0  
 2 Jaccob Slavin            Artem Zub                50     0   5  0  

4 vs 4 Forward 
   Center                   Wing                     Time % Phy DF OF 
 1 Jack Eichel              Nikita Kucherov          50     0   2  3  
 2 Robert Thomas            Brayden Point            50     0   2  3  

4 vs 4 Defense
   Defense                  Defense                  Time % Phy DF OF 
 1 Jake Sanderson           Jaccob Slavin            50     0   3  2  
 2 Mikhail Sergachev        Colton Parayko           50     0   3  2  

Last Minutes Offensive
   Center                   Left Wing                Right Wing               Defense                  Defense                  
   Robert Thomas            Jack Eichel              Nikita Kucherov          Brayden Point            Jake Sanderson           

Last Minutes Defensive
   Center                   Left Wing                Right Wing               Defense                  Defense                  
   Vincent Trocheck         Isac Lundestrom          Brandon Tanev            Jaccob Slavin            Colton Parayko           

Goaltenders
Starting : Connor Hellebuyck        
Backup : Scott Wedgewood          

Extra Forwards
Normal : Jake Guentzel, Alex Tuch, Mark Stone - PP : Nikita Kucherov, Mark Stone - PK : Robert Thomas
Extra Defensemen
Normal : Mikhail Sergachev, Jaccob Slavin, Artem Zub - PP : Colton Parayko - PK : Artem Zub, Mikhail Sergachev
Penalty Shots
Alex Tuch, Brayden Point, Jake Guentzel, Jack Eichel, Nikita Kucherov

Scratches
Matthew Seminoff (Healthy), Joona Koppanen (Healthy), Adam Pelech (Healthy)

% Time on Ice - Vancouver Canucks

Lines # - Real PCT - Wanted PCT - Time Play
Normal Forward
1 - 33% - 37% - 15:34
2 - 29% - 28% - 13:53
3 - 24% - 21% - 11:18
4 - 15% - 14% - 6:56
Normal Defense
1 - 30% - 30% - 14:22
2 - 32% - 30% - 15:14
3 - 26% - 25% - 12:10
4 - 12% - 15% - 5:55
PP Forward
1 - 51% - 50% - 1:01
2 - 49% - 50% - 0:58
PP Defense
1 - 66% - 50% - 1:19
2 - 34% - 50% - 0:40
PK Forward
1 - 51% - 50% - 5:13
2 - 49% - 50% - 4:59
PK Defense
1 - 47% - 50% - 4:46
2 - 53% - 50% - 5:26
PK3 Forward
1 - 0% - 50%
2 - 0% - 50%
PK3 Defense
1 - 0% - 50%
2 - 0% - 50%
44 Forward
1 - 0% - 50%
2 - 0% - 50%
44 Defense
1 - 0% - 50%
2 - 0% - 50%
Last Minute Offensive  - 0:00
Last Minute Defensive  - 0:08
Total
Forward - 60:00
Defense - 60:00

% Time on Ice - St.Louis Blues

Lines # - Real PCT - Wanted PCT - Time Play
Normal Forward
1 - 34% - 40% - 16:18
2 - 30% - 30% - 14:29
3 - 23% - 25% - 11:03
4 - 12% - 5% - 5:48
Normal Defense
1 - 46% - 45% - 22:03
2 - 34% - 35% - 16:13
3 - 20% - 20% - 9:22
4 - 0% - 0% - 0:00
PP Forward
1 - 61% - 60% - 6:14
2 - 39% - 40% - 3:58
PP Defense
1 - 56% - 60% - 5:40
2 - 44% - 40% - 4:32
PK Forward
1 - 45% - 50% - 0:54
2 - 55% - 50% - 1:05
PK Defense
1 - 86% - 50% - 1:42
2 - 14% - 50% - 0:17
PK3 Forward
1 - 0% - 50%
2 - 0% - 50%
PK3 Defense
1 - 0% - 50%
2 - 0% - 50%
44 Forward
1 - 0% - 50%
2 - 0% - 50%
44 Defense
1 - 0% - 50%
2 - 0% - 50%
Last Minute Offensive  - 0:11
Last Minute Defensive  - 0:00
Total
Forward - 60:00
Defense - 60:00

Play-by-Play

1st period


0:01 of 1st period - Aleksander Barkov wins face-off versus Nikita Kucherov in neutral zone.
0:46 of 1st period - Snap shot by Jesperi Kotkaniemi.
0:46 of 1st period - Stopped by Connor Hellebuyck without a rebound.
0:47 of 1st period - Anton Lundell wins face-off versus Vincent Trocheck in St.Louis Blues zone.
0:51 of 1st period - Snap shot by Anton Lundell.
0:51 of 1st period - Stopped by Connor Hellebuyck without a rebound.
0:52 of 1st period - Isac Lundestrom wins face-off versus Casey Mittelstadt in St.Louis Blues zone.
1:10 of 1st period - Icing by Emil Martinsen Lilleberg.
1:11 of 1st period - Casey Mittelstadt wins face-off versus Robert Thomas in Vancouver Canucks zone.
1:11 of 1st period - Casey Mittelstadt is hit by Robert Thomas.
1:17 of 1st period - Wrist shot by Brett Leason.
1:17 of 1st period - Stopped by Connor Hellebuyck with a rebound.
1:35 of 1st period - Snap shot by Matias Maccelli.
1:35 of 1st period - Stopped by Connor Hellebuyck without a rebound.
1:36 of 1st period - Vincent Trocheck wins face-off versus Aleksander Barkov in St.Louis Blues zone.
2:02 of 1st period - Ryan McDonagh is hit by Mark Stone and loses puck.
2:28 of 1st period - Jack Eichel is hit by Miro Heiskanen and loses puck.
3:08 of 1st period - Off-side.
3:09 of 1st period - Brayden Point wins face-off versus Anton Lundell in neutral zone.
3:22 of 1st period - Backhand shot by Brayden Point.
3:22 of 1st period - Shot Misses the Net.
4:17 of 1st period - Casey Mittelstadt is hit by Isac Lundestrom and loses puck.
4:44 of 1st period - Anton Lundell is hit by Robert Thomas and loses puck.
5:50 of 1st period - Wrist shot by Clayton Keller.
5:50 of 1st period - Shot Misses the Net.
5:52 of 1st period - Snap shot by Emil Martinsen Lilleberg.
5:52 of 1st period - Deflect By Clayton Keller.
5:52 of 1st period - Stopped by Connor Hellebuyck with a rebound.
6:14 of 1st period - Slapshot by Brandon Tanev.
6:14 of 1st period - Shot Misses the Net.
6:16 of 1st period - Slapshot by Connor Clifton.
6:16 of 1st period - Shot Misses the Net.
6:18 of 1st period - Snap shot by Isac Lundestrom.
6:18 of 1st period - Deflect By Brandon Tanev.
6:18 of 1st period - Shot Misses the Net.
6:18 of 1st period - Puck is out of play.
6:19 of 1st period - Bobby McMann wins face-off versus Brayden Point in Vancouver Canucks zone.
6:30 of 1st period - Wrist shot by Artturi Lehkonen.
6:30 of 1st period - Shot Blocked by Colton Parayko.
6:36 of 1st period - Snap shot by Jake Guentzel.
6:36 of 1st period - Shot Misses the Net.
6:46 of 1st period - Jake Sanderson is hit by Connor Zary and loses puck.
6:57 of 1st period - Jaccob Slavin is hit by Noah Hanifin and loses puck.
7:01 of 1st period - Icing by Mikhail Sergachev.
7:02 of 1st period - Anton Lundell wins face-off versus Robert Thomas in St.Louis Blues zone.
8:42 of 1st period - Jesperi Kotkaniemi is hit by Connor Clifton and loses puck.
9:01 of 1st period - Jaccob Slavin is hit by Mikko Rantanen and loses puck.
9:28 of 1st period - Slapshot by Brayden Point.
9:28 of 1st period - Stopped by Justus Annunen with a rebound.
9:30 of 1st period - Slapshot by Mark Stone.
9:30 of 1st period - Shot Misses the Net.
9:32 of 1st period - Slapshot by Jaccob Slavin.
9:32 of 1st period - Stopped by Justus Annunen with a rebound.
10:28 of 1st period - Jaccob Slavin is hit by Clayton Keller.
10:34 of 1st period - Robert Thomas is hit by Jesperi Kotkaniemi and loses puck.
10:47 of 1st period - Mavrik Bourque is hit by Jake Guentzel.
11:01 of 1st period - Slapshot by Mark Stone.
11:01 of 1st period - Shot Misses the Net.
11:57 of 1st period - Wrist shot by Clayton Keller.
11:57 of 1st period - Shot Misses the Net.
13:23 of 1st period - Wrist shot by Jesperi Kotkaniemi.
13:23 of 1st period - Shot Hit the Post.
14:09 of 1st period - Snap shot by Aleksander Barkov.
14:09 of 1st period - Shot Blocked by Robert Thomas.
14:29 of 1st period - Slapshot by Brandon Hagel.
14:29 of 1st period - Shot Misses the Net.
14:50 of 1st period - Minor Penalty to Clayton Keller for Elbowing.
14:51 of 1st period - Jack Eichel wins face-off versus Anton Lundell in Vancouver Canucks zone.
14:55 of 1st period - Snap shot by Nikita Kucherov.
14:55 of 1st period - Stopped by Justus Annunen without a rebound.
14:56 of 1st period - Anton Lundell wins face-off versus Robert Thomas in Vancouver Canucks zone.
15:42 of 1st period - Snap shot by Alex Tuch.
15:42 of 1st period - Shot Blocked by Aleksander Barkov.
15:44 of 1st period - Snap shot by Nikita Kucherov.
15:44 of 1st period - Shot Misses the Net.
15:46 of 1st period - Snap shot by Alex Tuch.
15:46 of 1st period - Stopped by Justus Annunen without a rebound.
15:47 of 1st period - Anton Lundell wins face-off versus Isac Lundestrom in Vancouver Canucks zone.
16:27 of 1st period - Miro Heiskanen is hit by Robert Thomas and loses puck.
16:49 of 1st period - Icing by Alex Tuch.
16:50 of 1st period - Penalty to Clayton Keller is over, Clayton Keller is back on ice.
16:50 of 1st period - Vincent Trocheck wins face-off versus Aleksander Barkov in St.Louis Blues zone.
16:50 of 1st period - Vincent Trocheck is hit by Mikko Rantanen.
16:58 of 1st period - Minor Penalty to Emil Martinsen Lilleberg for Tripping.
16:59 of 1st period - Aleksander Barkov wins face-off versus Robert Thomas in Vancouver Canucks zone.
17:30 of 1st period - Wrist shot by Brandon Hagel.
17:30 of 1st period - Stopped by Justus Annunen with a rebound.
17:32 of 1st period - Slapshot by Isac Lundestrom.
17:32 of 1st period - Stopped by Justus Annunen with a rebound.
17:34 of 1st period - Slapshot by Mikhail Sergachev.
17:34 of 1st period - Deflect By Vincent Trocheck.
17:34 of 1st period - Shot Blocked by Ryan McDonagh.
17:34 of 1st period - Puck is out of play.
17:35 of 1st period - Robert Thomas wins face-off versus Aleksander Barkov in Vancouver Canucks zone.
17:46 of 1st period - Wrist shot by Jack Eichel.
17:46 of 1st period - Shot Misses the Net.
18:58 of 1st period - Penalty to Emil Martinsen Lilleberg is over, Emil Martinsen Lilleberg is back on ice.
18:59 of 1st period - Icing by Brayden Point.
19:00 of 1st period - Brandon Hagel wins face-off versus Aleksander Barkov in St.Louis Blues zone.
19:13 of 1st period - Snap shot by Bobby McMann.
19:13 of 1st period - Deflect By Artturi Lehkonen.
19:13 of 1st period - Shot Misses the Net.
19:13 of 1st period - Puck is out of play.
19:14 of 1st period - Bobby McMann wins face-off versus Alex Tuch in St.Louis Blues zone.
19:15 of 1st period - Snap shot by Artturi Lehkonen.
19:15 of 1st period - Stopped by Connor Hellebuyck with a rebound.
19:38 of 1st period - Artturi Lehkonen is hit by Alex Tuch and loses puck.
Goals for this period are 0 for Vancouver Canucks vs 0 for St.Louis Blues.
Shots for this period are 6 for Vancouver Canucks vs 6 for St.Louis Blues.

2nd period


0:01 of 2nd period - Aleksander Barkov wins face-off versus Robert Thomas in neutral zone.
0:14 of 2nd period - Snap shot by Nikita Kucherov.
0:14 of 2nd period - Shot Misses the Net.
0:47 of 2nd period - Wrist shot by Anton Lundell.
0:47 of 2nd period - Stopped by Connor Hellebuyck with a rebound.
0:52 of 2nd period - Off-side.
0:53 of 2nd period - Aleksander Barkov wins face-off versus Robert Thomas in neutral zone.
1:25 of 2nd period - Icing by Emil Martinsen Lilleberg.
1:26 of 2nd period - Vincent Trocheck wins face-off versus Bobby McMann in Vancouver Canucks zone.
1:27 of 2nd period - Snap shot by Brandon Hagel.
1:27 of 2nd period - Stopped by Justus Annunen without a rebound.
1:28 of 2nd period - Aleksander Barkov wins face-off versus Robert Thomas in Vancouver Canucks zone.
1:41 of 2nd period - Snap shot by Aleksander Barkov.
1:41 of 2nd period - Deflect By Mikko Rantanen.
1:41 of 2nd period - Shot Misses the Net.
1:41 of 2nd period - Puck is out of play.
1:42 of 2nd period - Robert Thomas wins face-off versus Aleksander Barkov in St.Louis Blues zone.
2:15 of 2nd period - Miro Heiskanen is hit by Brandon Hagel and loses puck.
2:32 of 2nd period - Snap shot by Bobby McMann.
2:32 of 2nd period - Shot Misses the Net.
2:34 of 2nd period - Snap shot by Mavrik Bourque.
2:34 of 2nd period - Deflect By Bobby McMann.
2:34 of 2nd period - Goal by Bobby McMann - Vancouver Canucks : 1 - St.Louis Blues : 0.
2:35 of 2nd period - Robert Thomas wins face-off versus Aleksander Barkov in neutral zone.
2:53 of 2nd period - Minor Penalty to Joel Hanley for Tripping.
2:54 of 2nd period - Aleksander Barkov wins face-off versus Robert Thomas in Vancouver Canucks zone.
3:02 of 2nd period - Snap shot by Jack Eichel.
3:02 of 2nd period - Deflect By Robert Thomas.
3:02 of 2nd period - Shot Blocked by Noah Hanifin.
3:02 of 2nd period - Puck is out of play.
3:03 of 2nd period - Aleksander Barkov wins face-off versus Robert Thomas in Vancouver Canucks zone.
3:10 of 2nd period - Snap shot by Artturi Lehkonen.
3:10 of 2nd period - Shot Blocked by Jake Sanderson.
3:12 of 2nd period - Slapshot by Noah Hanifin.
3:12 of 2nd period - Stopped by Connor Hellebuyck without a rebound.
3:13 of 2nd period - Robert Thomas wins face-off versus Aleksander Barkov in St.Louis Blues zone.
3:53 of 2nd period - Slapshot by Miro Heiskanen.
3:53 of 2nd period - Shot Misses the Net.
4:53 of 2nd period - Penalty to Joel Hanley is over, Joel Hanley is back on ice.
5:10 of 2nd period - Snap shot by Artturi Lehkonen.
5:10 of 2nd period - Shot Blocked by Artem Zub.
5:12 of 2nd period - Snap shot by Artturi Lehkonen.
5:12 of 2nd period - Deflect By Aleksander Barkov.
5:12 of 2nd period - Goal by Aleksander Barkov - Vancouver Canucks : 2 - St.Louis Blues : 0.
5:13 of 2nd period - Robert Thomas wins face-off versus Anton Lundell in neutral zone.
5:24 of 2nd period - Wrist shot by Nikita Kucherov.
5:24 of 2nd period - Stopped by Justus Annunen with a rebound.
5:26 of 2nd period - Wrist shot by Jack Eichel.
5:26 of 2nd period - Stopped by Justus Annunen without a rebound.
5:27 of 2nd period - Robert Thomas wins face-off versus Casey Mittelstadt in Vancouver Canucks zone.
5:57 of 2nd period - Colton Parayko is hit by Connor Zary and loses puck.
6:16 of 2nd period - Slapshot by Miro Heiskanen.
6:16 of 2nd period - Stopped by Connor Hellebuyck with a rebound.
6:18 of 2nd period - Backhand shot by Anton Lundell.
6:18 of 2nd period - Shot Blocked by Brandon Hagel.
6:20 of 2nd period - Wrist shot by Miro Heiskanen.
6:20 of 2nd period - Shot Misses the Net.
6:22 of 2nd period - Slapshot by Miro Heiskanen.
6:22 of 2nd period - Stopped by Connor Hellebuyck without a rebound.
6:23 of 2nd period - Robert Thomas wins face-off versus Bobby McMann in St.Louis Blues zone.
6:34 of 2nd period - Wrist shot by Artturi Lehkonen.
6:34 of 2nd period - Shot Misses the Net.
6:36 of 2nd period - Slapshot by Noah Hanifin.
6:36 of 2nd period - Stopped by Connor Hellebuyck with a rebound.
6:38 of 2nd period - Snap shot by Artturi Lehkonen.
6:38 of 2nd period - Stopped by Connor Hellebuyck with a rebound.
6:45 of 2nd period - Icing by Jack Eichel.
6:46 of 2nd period - Aleksander Barkov wins face-off versus Vincent Trocheck in St.Louis Blues zone.
6:47 of 2nd period - Wrist shot by Mikko Rantanen.
6:47 of 2nd period - Shot Misses the Net.
6:53 of 2nd period - Slapshot by Vincent Trocheck.
6:53 of 2nd period - Stopped by Justus Annunen with a rebound.
6:55 of 2nd period - Wrist shot by Jaccob Slavin.
6:55 of 2nd period - Stopped by Justus Annunen without a rebound.
6:56 of 2nd period - Mikko Rantanen wins face-off versus Jack Eichel in Vancouver Canucks zone.
7:05 of 2nd period - Wrist shot by Aleksander Barkov.
7:05 of 2nd period - Goal by Aleksander Barkov - Vancouver Canucks : 3 - St.Louis Blues : 0.
7:06 of 2nd period - Aleksander Barkov wins face-off versus Robert Thomas in neutral zone.
8:17 of 2nd period - Snap shot by Isac Lundestrom.
8:17 of 2nd period - Stopped by Justus Annunen without a rebound.
8:18 of 2nd period - Isac Lundestrom wins face-off versus Aleksander Barkov in Vancouver Canucks zone.
8:43 of 2nd period - Snap shot by Isac Lundestrom.
8:43 of 2nd period - Stopped by Justus Annunen without a rebound.
8:44 of 2nd period - Robert Thomas wins face-off versus Bobby McMann in Vancouver Canucks zone.
9:11 of 2nd period - Snap shot by Brett Leason.
9:11 of 2nd period - Shot Misses the Net.
9:15 of 2nd period - Wrist shot by Brett Leason.
9:15 of 2nd period - Stopped by Connor Hellebuyck with a rebound.
9:17 of 2nd period - Slapshot by Noah Hanifin.
9:17 of 2nd period - Shot Misses the Net.
9:19 of 2nd period - Slapshot by Noah Hanifin.
9:19 of 2nd period - Deflect By Casey Mittelstadt.
9:19 of 2nd period - Stopped by Connor Hellebuyck without a rebound.
9:20 of 2nd period - Aleksander Barkov wins face-off versus Brayden Point in St.Louis Blues zone.
9:47 of 2nd period - Snap shot by Artturi Lehkonen.
9:47 of 2nd period - Stopped by Connor Hellebuyck with a rebound.
10:05 of 2nd period - Icing by Jake Bean.
10:06 of 2nd period - Nikita Kucherov wins face-off versus Bobby McMann in Vancouver Canucks zone.
10:07 of 2nd period - Wrist shot by Jack Eichel.
10:07 of 2nd period - Deflect By Mavrik Bourque.
10:07 of 2nd period - Shot Blocked by Bobby McMann.
10:07 of 2nd period - Puck is out of play.
10:08 of 2nd period - Aleksander Barkov wins face-off versus Robert Thomas in Vancouver Canucks zone.
10:15 of 2nd period - Snap shot by Aleksander Barkov.
10:15 of 2nd period - Deflect By Colton Parayko.
10:15 of 2nd period - Shot Blocked by Jake Sanderson.
10:15 of 2nd period - Puck is out of play.
10:16 of 2nd period - Robert Thomas wins face-off versus Aleksander Barkov in St.Louis Blues zone.
10:40 of 2nd period - Icing by Miro Heiskanen.
10:41 of 2nd period - Aleksander Barkov wins face-off versus Vincent Trocheck in Vancouver Canucks zone.
10:46 of 2nd period - Slapshot by Aleksander Barkov.
10:46 of 2nd period - Stopped by Connor Hellebuyck without a rebound.
10:47 of 2nd period - Anton Lundell wins face-off versus Vincent Trocheck in St.Louis Blues zone.
11:13 of 2nd period - Jaccob Slavin is hit by Mikko Rantanen and loses puck.
11:24 of 2nd period - Wrist shot by Aleksander Barkov.
11:24 of 2nd period - Stopped by Connor Hellebuyck without a rebound.
11:25 of 2nd period - Bobby McMann wins face-off versus Brayden Point in St.Louis Blues zone.
12:37 of 2nd period - Snap shot by Casey Mittelstadt.
12:37 of 2nd period - Shot Misses the Net.
12:43 of 2nd period - Slapshot by Logan O'Connor.
12:43 of 2nd period - Shot Misses the Net.
12:45 of 2nd period - Slapshot by Isac Lundestrom.
12:45 of 2nd period - Shot Misses the Net.
12:47 of 2nd period - Snap shot by Brandon Tanev.
12:47 of 2nd period - Stopped by Justus Annunen without a rebound.
12:48 of 2nd period - Robert Thomas wins face-off versus Bobby McMann in Vancouver Canucks zone.
13:18 of 2nd period - Wrist shot by Brayden Point.
13:18 of 2nd period - Stopped by Justus Annunen with a rebound.
13:20 of 2nd period - Wrist shot by Brayden Point.
13:20 of 2nd period - Stopped by Justus Annunen with a rebound.
13:22 of 2nd period - Wrist shot by Connor Clifton.
13:22 of 2nd period - Stopped by Justus Annunen without a rebound.
13:23 of 2nd period - Vincent Trocheck wins face-off versus Anton Lundell in Vancouver Canucks zone.
13:44 of 2nd period - Jaccob Slavin is hit by Ryan McDonagh and loses puck.
14:35 of 2nd period - Wrist shot by Mikko Rantanen.
14:35 of 2nd period - Stopped by Connor Hellebuyck with a rebound.
14:57 of 2nd period - Jake Guentzel is hit by Joel Hanley and loses puck.
15:32 of 2nd period - Wrist shot by Mikko Rantanen.
15:32 of 2nd period - Stopped by Connor Hellebuyck without a rebound.
15:33 of 2nd period - Aleksander Barkov wins face-off versus Robert Thomas in St.Louis Blues zone.
15:34 of 2nd period - Wrist shot by Mikko Rantanen.
15:34 of 2nd period - Stopped by Connor Hellebuyck with a rebound.
15:36 of 2nd period - Slapshot by Ryan McDonagh.
15:36 of 2nd period - Stopped by Connor Hellebuyck without a rebound.
15:37 of 2nd period - Robert Thomas wins face-off versus Mikko Rantanen in St.Louis Blues zone.
16:42 of 2nd period - Minor Penalty to Connor Clifton for Interference.
16:43 of 2nd period - Aleksander Barkov wins face-off versus Brandon Tanev in St.Louis Blues zone.
17:03 of 2nd period - Logan O'Connor is hit by Miro Heiskanen and loses puck.
17:22 of 2nd period - Backhand shot by Isac Lundestrom.
17:22 of 2nd period - Shot Misses the Net.
17:34 of 2nd period - Casey Mittelstadt is hit by Colton Parayko and loses puck.
18:42 of 2nd period - Penalty to Connor Clifton is over, Connor Clifton is back on ice.
19:38 of 2nd period - Mavrik Bourque is hit by Mark Stone and loses puck.
Goals for this period are 3 for Vancouver Canucks vs 0 for St.Louis Blues.
Shots for this period are 18 for Vancouver Canucks vs 11 for St.Louis Blues.

3rd period


0:01 of 3rd period - Aleksander Barkov wins face-off versus Robert Thomas in neutral zone.
0:14 of 3rd period - Snap shot by Jack Eichel.
0:14 of 3rd period - Shot Misses the Net.
0:16 of 3rd period - Slapshot by Jake Sanderson.
0:16 of 3rd period - Deflect By Nikita Kucherov.
0:16 of 3rd period - Shot Blocked by Noah Hanifin.
0:16 of 3rd period - Puck is out of play.
0:17 of 3rd period - Brayden Point wins face-off versus Bobby McMann in Vancouver Canucks zone.
0:20 of 3rd period - Snap shot by Jake Guentzel.
0:20 of 3rd period - Stopped by Justus Annunen without a rebound.
0:21 of 3rd period - Brayden Point wins face-off versus Bobby McMann in Vancouver Canucks zone.
1:16 of 3rd period - Snap shot by Brayden Point.
1:16 of 3rd period - Stopped by Justus Annunen with a rebound.
1:18 of 3rd period - Slapshot by Jake Sanderson.
1:18 of 3rd period - Shot Blocked by Artturi Lehkonen.
1:20 of 3rd period - Slapshot by Jake Sanderson.
1:20 of 3rd period - Stopped by Justus Annunen with a rebound.
1:22 of 3rd period - Wrist shot by Jake Guentzel.
1:22 of 3rd period - Shot Blocked by Miro Heiskanen.
1:24 of 3rd period - Slapshot by Colton Parayko.
1:24 of 3rd period - Goal by Colton Parayko - Vancouver Canucks : 3 - St.Louis Blues : 1.
1:25 of 3rd period - Robert Thomas wins face-off versus Aleksander Barkov in neutral zone.
1:30 of 3rd period - Slapshot by Mikhail Sergachev.
1:30 of 3rd period - Stopped by Justus Annunen with a rebound.
2:12 of 3rd period - Wrist shot by Casey Mittelstadt.
2:12 of 3rd period - Stopped by Connor Hellebuyck with a rebound.
2:14 of 3rd period - Slapshot by Jake Bean.
2:14 of 3rd period - Shot Misses the Net.
2:16 of 3rd period - Wrist shot by Brett Leason.
2:16 of 3rd period - Shot Misses the Net.
2:18 of 3rd period - Slapshot by Ryan McDonagh.
2:18 of 3rd period - Shot Misses the Net.
2:49 of 3rd period - Snap shot by Clayton Keller.
2:49 of 3rd period - Shot Blocked by Colton Parayko.
2:51 of 3rd period - Snap shot by Anton Lundell.
2:51 of 3rd period - Stopped by Connor Hellebuyck without a rebound.
2:52 of 3rd period - Anton Lundell wins face-off versus Alex Tuch in St.Louis Blues zone.
3:03 of 3rd period - Snap shot by Vincent Trocheck.
3:03 of 3rd period - Stopped by Justus Annunen without a rebound.
3:04 of 3rd period - Aleksander Barkov wins face-off versus Robert Thomas in Vancouver Canucks zone.
3:11 of 3rd period - Aleksander Barkov is hit by Colton Parayko and loses puck.
3:30 of 3rd period - Miro Heiskanen is hit by Colton Parayko and loses puck.
3:53 of 3rd period - Clayton Keller is hit by Alex Tuch and loses puck.
4:32 of 3rd period - Aleksander Barkov is hit by Brandon Tanev and loses puck.
4:59 of 3rd period - Wrist shot by Nikita Kucherov.
4:59 of 3rd period - Stopped by Justus Annunen with a rebound.
5:01 of 3rd period - Snap shot by Jake Sanderson.
5:01 of 3rd period - Stopped by Justus Annunen without a rebound.
5:02 of 3rd period - Bobby McMann wins face-off versus Brayden Point in Vancouver Canucks zone.
5:11 of 3rd period - Snap shot by Artturi Lehkonen.
5:11 of 3rd period - Shot Blocked by Jake Guentzel.
5:15 of 3rd period - Backhand shot by Bobby McMann.
5:15 of 3rd period - Shot Blocked by Colton Parayko.
5:17 of 3rd period - Slapshot by Ryan McDonagh.
5:17 of 3rd period - Stopped by Connor Hellebuyck without a rebound.
5:18 of 3rd period - Robert Thomas wins face-off versus Connor Zary in St.Louis Blues zone.
5:18 of 3rd period - Robert Thomas is hit by Mikko Rantanen.
5:27 of 3rd period - Off-side.
5:28 of 3rd period - Aleksander Barkov wins face-off versus Robert Thomas in neutral zone.
5:39 of 3rd period - Snap shot by Jake Sanderson.
5:39 of 3rd period - Stopped by Justus Annunen with a rebound.
5:43 of 3rd period - Snap shot by Robert Thomas.
5:43 of 3rd period - Stopped by Justus Annunen with a rebound.
5:45 of 3rd period - Slapshot by Colton Parayko.
5:45 of 3rd period - Stopped by Justus Annunen without a rebound.
5:46 of 3rd period - Brayden Point wins face-off versus Bobby McMann in Vancouver Canucks zone.
6:13 of 3rd period - Mikko Rantanen is hit by Colton Parayko and loses puck.
6:42 of 3rd period - Slapshot by Jesperi Kotkaniemi.
6:42 of 3rd period - Shot Misses the Net.
7:14 of 3rd period - Mavrik Bourque is hit by Connor Clifton.
7:18 of 3rd period - Wrist shot by Bobby McMann.
7:18 of 3rd period - Shot Blocked by Artem Zub.
9:09 of 3rd period - Slapshot by Isac Lundestrom.
9:09 of 3rd period - Shot Misses the Net.
9:11 of 3rd period - Wrist shot by Brandon Tanev.
9:11 of 3rd period - Shot Misses the Net.
9:15 of 3rd period - Snap shot by Logan O'Connor.
9:15 of 3rd period - Stopped by Justus Annunen with a rebound.
9:17 of 3rd period - Slapshot by Artem Zub.
9:17 of 3rd period - Stopped by Justus Annunen without a rebound.
9:18 of 3rd period - Brayden Point wins face-off versus Aleksander Barkov in Vancouver Canucks zone.
9:34 of 3rd period - Off-side.
9:35 of 3rd period - Brandon Hagel wins face-off versus Bobby McMann in neutral zone.
9:38 of 3rd period - Wrist shot by Vincent Trocheck.
9:38 of 3rd period - Deflect By Alex Tuch.
9:38 of 3rd period - Shot Misses the Net.
9:38 of 3rd period - Puck is out of play.
9:39 of 3rd period - Bobby McMann wins face-off versus Vincent Trocheck in Vancouver Canucks zone.
10:09 of 3rd period - Double Minor Penalty to Mikko Rantanen for High sticking.
10:10 of 3rd period - Anton Lundell wins face-off versus Robert Thomas in Vancouver Canucks zone.
10:15 of 3rd period - Brayden Point is hit by Anton Lundell and loses puck.
10:44 of 3rd period - Slapshot by Jake Sanderson.
10:44 of 3rd period - Stopped by Justus Annunen with a rebound.
10:46 of 3rd period - Wrist shot by Vincent Trocheck.
10:46 of 3rd period - Shot Misses the Net.
11:53 of 3rd period - Aleksander Barkov is hit by Robert Thomas and loses puck.
13:29 of 3rd period - Mikhail Sergachev is hit by Artturi Lehkonen and loses puck.
14:09 of 3rd period - Penalty to Mikko Rantanen is over, Mikko Rantanen is back on ice.
14:29 of 3rd period - Isac Lundestrom is hit by Artturi Lehkonen and loses puck.
15:00 of 3rd period - Mikhail Sergachev is hit by Emil Martinsen Lilleberg and loses puck.
16:14 of 3rd period - Off-side.
16:15 of 3rd period - Anton Lundell wins face-off versus Isac Lundestrom in neutral zone.
16:18 of 3rd period - Slapshot by Noah Hanifin.
16:18 of 3rd period - Stopped by Connor Hellebuyck without a rebound.
16:19 of 3rd period - Anton Lundell wins face-off versus Isac Lundestrom in St.Louis Blues zone.
16:46 of 3rd period - Snap shot by Jack Eichel.
16:46 of 3rd period - Stopped by Justus Annunen with a rebound.
17:12 of 3rd period - Slapshot by Nikita Kucherov.
17:12 of 3rd period - Goal by Nikita Kucherov - Vancouver Canucks : 3 - St.Louis Blues : 2.
17:13 of 3rd period - Vincent Trocheck wins face-off versus Anton Lundell in neutral zone.
17:40 of 3rd period - Jaccob Slavin is hit by Brett Leason and loses puck.
18:09 of 3rd period - Slapshot by Mark Stone.
18:09 of 3rd period - Shot Blocked by Emil Martinsen Lilleberg.
18:11 of 3rd period - Backhand shot by Jaccob Slavin.
18:11 of 3rd period - Stopped by Justus Annunen with a rebound.
18:13 of 3rd period - Snap shot by Jake Guentzel.
18:13 of 3rd period - Stopped by Justus Annunen with a rebound.
18:27 of 3rd period - Slapshot by Artturi Lehkonen.
18:27 of 3rd period - Shot Misses the Net.
18:29 of 3rd period - Slapshot by Joel Hanley.
18:29 of 3rd period - Shot Blocked by Jake Sanderson.
18:31 of 3rd period - Slapshot by Joel Hanley.
18:31 of 3rd period - Shot Misses the Net.
18:33 of 3rd period - Snap shot by Mavrik Bourque.
18:33 of 3rd period - Stopped by Connor Hellebuyck without a rebound.
18:34 of 3rd period - Vincent Trocheck wins face-off versus Anton Lundell in St.Louis Blues zone.
18:40 of 3rd period - St.Louis Blues, Connor Hellebuyck is pulled from the net.
19:04 of 3rd period - Snap shot by Artturi Lehkonen.
19:04 of 3rd period - Goal by Artturi Lehkonen - Vancouver Canucks : 4 - St.Louis Blues : 2.
19:04 of 3rd period - Connor Hellebuyck from St.Louis Blues was sent back in the game.
19:05 of 3rd period - Vincent Trocheck wins face-off versus Anton Lundell in neutral zone.
19:16 of 3rd period - Slapshot by Noah Hanifin.
19:16 of 3rd period - Stopped by Connor Hellebuyck without a rebound.
19:17 of 3rd period - Vincent Trocheck wins face-off versus Anton Lundell in St.Louis Blues zone.
19:17 of 3rd period - Vincent Trocheck is hit by Jesperi Kotkaniemi.
19:20 of 3rd period - Icing by Brandon Hagel.
19:21 of 3rd period - Vincent Trocheck wins face-off versus Anton Lundell in St.Louis Blues zone.
19:21 of 3rd period - Vincent Trocheck is hit by Jesperi Kotkaniemi.
19:43 of 3rd period - Minor Penalty to Jesperi Kotkaniemi for Hooking.
19:44 of 3rd period - Aleksander Barkov wins face-off versus Robert Thomas in Vancouver Canucks zone.
Goals for this period are 1 for Vancouver Canucks vs 2 for St.Louis Blues.
Shots for this period are 7 for Vancouver Canucks vs 18 for St.Louis Blues.